 Dungeon Crawl Stone Soup version 0.27.1-33-g824d729ab1 (webtiles) character file.

Game seed: 8156463068141812839

891 Garessta the Jinx (level 7, -2/46 HPs)
             Began as a Vampire Enchanter on Dec 6, 2021.
             Slain by a hornet (13 damage)
             ... on level 4 of the Dungeon.
             The game lasted 00:22:12 (4240 turns).

Garessta the Jinx (Vampire Enchanter)               Turns: 4240, Time: 00:22:13

Health: -2/46      AC:  5    Str:  7    XL:     7   Next: 77%
Magic:  8/10       EV: 12    Int: 18    God:
Gold:   171        SH:  0    Dex: 16    Spells: 1/10 levels left

rFire    . . .     SeeInvis +   d - +0 rapier
rCold    . . .     Faith    .   (no shield)
rNeg     . . .     Spirit   .   b - +0 robe
rPois    +         Reflect  .   (no helmet)
rElec    .         Harm     .   o - +0 cloak
rCorr    .         Rampage  .   (no gloves)
Will     .....                  (no boots)
Stlth    +++.......             f - amulet of regeneration
HPRegen  1.35/turn              i - ring of wizardry
MPRegen  0.12/turn              (no ring)

@: about to teleport, healing quickly
A: alive, fangs 3, see invisible, vampiric 2, iridescent scales 1, poison
resistance
a: Exsanguinate


You were on level 4 of the Dungeon.
You visited 1 branch of the dungeon, and saw 4 of its levels.
You also visited: Sewer.

You collected 171 gold pieces.

Inventory:

Hand Weapons
 d - a +0 rapier (weapon)
 j - a +1 dagger of venom
Armour
 b - a +0 robe (worn)
 o - a +0 cloak (worn)
Jewellery
 f - an amulet of regeneration (around neck)
 i - a ring of wizardry (left hand)
Wands
 a - a wand of flame (8)
Scrolls
 e - a scroll of teleportation
 k - a scroll of torment
Potions
 c - 2 potions of curing
 h - a potion of might
 l - a potion of attraction
 n - a potion of resistance {unknown}


   Skills:
 - Level 1.1 Short Blades
 - Level 2.1 Dodging
 + Level 6.8 Stealth
 - Level 2.0 Spellcasting
 * Level 12.2 Hexes


You had one spell level left.
You knew the following spells:

 Your Spells              Type           Power      Damage    Failure   Level
a - Corona                Hex            50%        N/A       1%          1
b - Ensorcelled Hibernat  Hex/Ice        46%        N/A       1%          2
c - Confusing Touch       Hex            45%        N/A       1%          3
d - Dazzling Flash        Conj/Hex       46%        N/A       1%          3

Your spell library contained the following spells:

 Spells                   Type           Power      Damage    Failure   Level
 Tukima's Dance           Hex            45%        N/A       1%          3


Dungeon Overview and Level Annotations

Branches:
Dungeon (4/15)              Sewer (visited)
 Temple: D:4-7

Altars:


Innate Abilities, Weirdness & Mutations

Your natural rate of healing is accelerated.
You have razor-sharp teeth.
You have supernaturally acute eyesight. (SInv)
You are afflicted with vampirism and can become a bat while bloodless.
You are partially covered in iridescent scales. (AC +2)
Your system is resistant to poisons. (rPois)


Message History

Confirm with . or Enter, or press ? or * to list all spells.
Aiming: Ensorcelled Hibernation (safe; 1% risk of failure)
Press: ? - help, Shift-Dir - straight line, f - hornet
Aim: a hornet (chance to affect: 44%)
The hornet resists with some effort.
The hornet barely misses you. The hornet stings you.
Casting: Ensorcelled Hibernation (safe; 1% risk of failure)
Confirm with . or Enter, or press ? or * to list all spells.
Aiming: Ensorcelled Hibernation (safe; 1% risk of failure)
Press: ? - help, Shift-Dir - straight line, f/p - hornet
Aim: a hornet (chance to affect: 44%)
The hornet looks drowsy...
The iguana hisses angrily.
The helpless hornet fails to defend itself.
You puncture the hornet!
The hornet is heavily wounded.
The hornet stings you.
You feel yourself slow down. The hornet barely misses you.
You closely miss the hornet.
The hornet is heavily wounded.
You feel yourself speed up. The hornet stings you!
The iguana hisses menacingly.
The hornet completely misses you. The hornet stings you!
The hornet completely misses you. The hornet stings you!
* * * LOW HITPOINT WARNING * * *
You feel better. The hornet stings you.
* * * LOW HITPOINT WARNING * * *
The iguana barely misses you. The hornet closely misses you.
The hornet stings you!
* * * LOW HITPOINT WARNING * * *
As you read the scroll of teleportation, it crumbles to dust.
You feel strangely unstable.
The hornet stings you but does no damage.
The hornet stings you!
You die...

.........#...............#
............#..........#.Z.
...........#[..........#
#......................#
##.##..................#
#..##...####...........#
..###...# #.l)##...####
#####..## #.#..###.#
####...# ###.##y@...#
....<#.# #.....##<.##
....##.# #.....##..##
....##.# #.....##...####
(...##.# #.....#.........
.[.###.# #.......#######.
......[# #.....### ..>.####
#)....# ...## #.....#


You could see a hornet and an iguana.

Vanquished Creatures
  Sigmund (D:4)
  Edmund (D:4)
  Purgy (Sewer)
  A black bear (D:3)
  A necrophage (D:4)
  A kobold brigand (Sewer)
  A water moccasin skeleton (D:4)
  2 hounds
  Robin (D:2)
  7 adders
  2 adder skeletons (D:4)
  A worm (D:3)
  2 dart slugs
  2 orcs (D:3)
  7 ball pythons
  6 endoplasms
  10 giant cockroaches
  13 goblins
  8 hobgoblins
  2 quokkas
  7 bats
  3 frilled lizards
  6 kobolds
  5 rats
  A spectral hobgoblin (D:2)
92 creatures vanquished.

Vanquished Creatures (others)
  2 plants (D:3)
2 creatures vanquished.

Grand Total: 94 creatures vanquished

Notes
Turn   | Place    | Note
-------+----------+-------------------------------------------
     0 | D:1      | Garessta the Vampire Enchanter began the quest for the Orb.
     0 | D:1      | Reached XP level 1. HP: 13/13 MP: 3/3
   242 | D:1      | Reached skill level 5 in Hexes
   275 | D:1      | Reached XP level 2. HP: 15/19 MP: 3/5
   278 | D:1      | Learned a level 2 spell: Ensorcelled Hibernation
   694 | D:1      | Reached skill level 6 in Hexes
   964 | D:1      | Gained mutation: You are afflicted with vampirism and can
                  | become a bat while bloodless. [Vampire growth]
   964 | D:1      | Reached XP level 3. HP: 24/24 MP: 3/6
  1640 | D:2      | Found a faded altar of an unknown god.
  1769 | D:2      | Noticed Robin
  2064 | D:2      | Reached skill level 7 in Hexes
  2216 | D:2      | Reached XP level 4. HP: 30/30 MP: 4/7
  2374 | D:2      | Killed Robin
  2778 | D:3      | Gained mutation: Your system is resistant to poisons.
                  | (rPois) [potion of mutation]
  2778 | D:3      | Gained mutation: You are partially covered in iridescent
                  | scales. (AC +2) [potion of mutation]
  2955 | D:3      | Reached skill level 8 in Hexes
  3274 | D:4      | Found a glowing drain.
  3278 | D:4      | Noticed Sigmund
  3298 | D:4      | Killed Sigmund
  3299 | D:4      | Reached skill level 9 in Hexes
  3299 | D:4      | Reached XP level 5. HP: 35/35 MP: 2/8
  3299 | D:4      | Reached XP level 6. HP: 41/41 MP: 2/9
  3404 | D:3      | Reached skill level 10 in Hexes
  3431 | Sewer    | Entered a sewer
  3621 | Sewer    | Noticed Purgy
  3631 | Sewer    | Killed Purgy
  3632 | Sewer    | Reached skill level 5 in Stealth
  3682 | D:4      | Noticed a steam dragon
  3797 | D:3      | Reached skill level 11 in Hexes
  3797 | D:3      | Reached XP level 7. HP: 46/46 MP: 6/10
  3980 | D:4      | Noticed Edmund
  3980 | D:4      | Noticed a hornet
  4037 | D:4      | Killed Edmund
  4119 | D:4      | Reached skill level 12 in Hexes
  4126 | D:4      | Learned a level 3 spell: Confusing Touch
  4130 | D:4      | Learned a level 3 spell: Dazzling Flash
  4240 | D:4      | Slain by a hornet

Illustrated notes

Levels and vault maps discovered:
D:1:      lemuel_arrival_rhombus, layout_basic, minmay_misc_feat_secret_circle,
          minmay_worlds_worst_comb
D:2:      layout_basic, dreamdust_ecumenical_altar_drowned_temple, uniq_robin
D:3:      layout_basic, chequers_arboretum, minmay_shallow_snake_nest
D:4:      layout_rooms, gup_sewer_entry_glass, uniq_edmund, uniq_sigmund

Skill      XL: |  1  2  3  4  5  6  7 |
---------------+----------------------+-----
Hexes          | 5 6 7 9 11 12 | 12.2
Stealth        | 5 6 |  6.8
Short Blades   | |  1.1
Dodging        | |  2.1
Spellcasting   | |  2.0

Action                   |  1- 3 |  4- 6 |  7- 9 || total
-------------------------+-------+-------+-------++-------
Melee: Dagger            |    64 |       |       ||    64
       Bite              |     8 |    10 |     9 ||    27
       Rapier            |    51 |    96 |    60 ||   207
 Cast: Corona            |     4 |       |     1 ||     5
       Ensorcelled Hiber |    34 |    32 |    14 ||    80
  Use: Scroll            |     4 |     4 |     2 ||    10
       Potion            |       |     4 |     1 ||     5
 Stab: Sleeping          |    23 |    32 |     6 ||    61
       Distracted        |     1 |       |       ||     1
Armor: Robe              |    20 |    25 |    23 ||    68
Dodge: Dodged            |    79 |    73 |    44 ||   196
